 Dungeon Crawl Stone Soup version 0.25.0-1-g7eea58d (webtiles) character file.

Game seed: 7406630292604745905

295 whatisgame the Grasshopper (level 6, 0/41 HPs)
             Began as a Halfling Warper on June 27, 2020.
             Was an Initiate of Okawaru.
             Hit by a boomerang thrown by an orc (4 damage)
             ... on level 3 of the Dungeon.
             The game lasted 00:14:52 (2992 turns).

whatisgame the Grasshopper (Halfling Warper)        Turns: 2992, Time: 00:14:52

Health: 0/41       AC:  3    Str: 12    XL:     6   Next: 61%
Magic:  8/9        EV: 15    Int: 13    God:    Okawaru [......]
Gold:   122        SH:  0    Dex: 14    Spells: 2/9 levels left

rFire    . . .     SeeInvis .   n - +1 short sword (venom)
rCold    . . .     Gourm    .   (shield restricted)
rNeg     . . .     Faith    .   b - +0 leather armour
rPois    .         Spirit   .   (no helmet)
rElec    .         Reflect  .   (no cloak)
rCorr    .         Harm     .   (no gloves)
MR       .....                  (no boots)
Stlth    +.........             (no amulet)
HPRegen  0.13/turn              (no ring)
MPRegen  0.11/turn              (no ring)

@: about to teleport, very slightly contaminated
A: small, mutation resistance 1
a: Renounce Religion


You were on level 3 of the Dungeon.
You worshipped Okawaru.
Okawaru was noncommittal.
You were not hungry.

You visited 1 branch of the dungeon, and saw 3 of its levels.

You collected 122 gold pieces.

Inventory:

Hand Weapons
 n - a +1 short sword of venom (weapon)
Missiles
 e - 4 boomerangs of dispersal
 h - 58 stones (quivered)
 k - 46 sling bullets
Armour
 b - a +0 leather armour (worn)
 i - a +0 buckler
Wands
 q - a wand of digging (5)
Scrolls
 a - a scroll of enchant armour {unknown}
 c - 2 scrolls of teleportation
 g - a scroll of identify
 o - a scroll of amnesia
 s - 2 scrolls of immolation {unknown}
Potions
 l - a potion of curing {unknown}
 m - a potion of mutation {unknown}
 r - a potion of might {unknown}
Comestibles
 f - 5 rations
 p - 4 chunks of flesh


   Skills:
 + Level 2.8 Fighting
 - Level 2.4 Short Blades
 - Level 1.0 Throwing
 + Level 2.8 Armour
 + Level 3.3 Dodging
 + Level 2.0 Shields
 + Level 2.3 Spellcasting
 + Level 2.1 Charms
 + Level 4.1 Translocations


You had 2 spell levels left.
You knew the following spells:

 Your Spells              Type           Power        Failure   Level  Hunger
a - Blink                 Tloc           N/A          9%          2    ###....
b - Shroud of Golubria    Chrm/Tloc      #.....       13%         2    ###....
c - Gell's Gravitas       Tloc           ##........   17%         3    ####...

Your spell library contained the following spells:

 Spells                   Type           Power        Failure   Level  Hunger
 Apportation              Tloc           ##....       6%          1    ##.....
 Animate Skeleton         Necr           N/A          32%         1    ##.....
 Corona                   Hex            #......      32%         1    ##.....
 Summon Small Mammal      Summ           #...         32%         1    ##.....
 Lesser Beckoning         Tloc           ##........   17%         3    ####...
 Teleport Other           Tloc           ##......     17%         3    ####...
 Passage of Golubria      Tloc           N/A          50%         4    #####..


Dungeon Overview and Level Annotations

Branches:
Dungeon (3/15)

Altars:
Hepliaklqana
Okawaru


Innate Abilities, Weirdness & Mutations

You are small and have problems with some larger weapons.
You are somewhat resistant to further mutation.


Message History

The orc wizard casts a spell.
The orc wizard blinks!
As you read the scroll of teleportation, it crumbles to dust.
You feel strangely unstable.
Your surroundings suddenly seem different.
An ooze comes into view.
The ooze quivers.
A bat comes into view.
The bat misses you.
Found a stone staircase leading down.
The bat closely misses you.
You completely miss the bat. The bat misses you.
An orc comes into view. It is wielding a +0 dagger.
The orc shouts!
The bat hits you.
* * * LOW HITPOINT WARNING * * *
As you read the scroll of teleportation, it crumbles to dust.
You feel strangely unstable. The bat closely misses you.
The orc throws a boomerang.
The boomerang hits you.
You die...

#### . .... (.(#
#.#####...# ##.#
#.#....#..## ##.#
#.......[..# # .#.#
#.##...>.##.# .#.#
#S##Job.....# .o.#####
#.##........#
.#.....#####.##........#
.#......)....##.@......#
##.÷...########........#
##.....##### ###.....##
.......#...# ######
....()...#.#
######.÷.#.# #.....#
####)..#.## #..#...#..#


You could see an ooze, an orc and a bat.

Vanquished Creatures
  Sigmund (D:3)
  A centaur skeleton (D:2)
  An orc wizard (D:3)
  4 adders
  A worm (D:2)
  A leopard gecko (D:1)
  6 orcs (D:3)
  2 giant cockroaches
  7 goblins
  2 hobgoblins
  5 jackals (D:1)
  5 kobolds
  A quokka (D:3)
  2 bats
  A frilled lizard (D:3)
  A quokka skeleton (D:3)
  5 rats
46 creatures vanquished.

Notes
Turn   | Place    | Note
-------+----------+-------------------------------------------
     0 | D:1      | whatisgame the Halfling Warper began the quest for the Orb.
     0 | D:1      | Reached XP level 1. HP: 14/14 MP: 3/3
   131 | D:1      | Reached XP level 2. HP: 13/19 MP: 4/4
   141 | D:1      | Learned a level 2 spell: Blink
   144 | D:1      | Learned a level 2 spell: Shroud of Golubria
   624 | D:1      | Reached XP level 3. HP: 22/24 MP: 5/5
  1604 | D:2      | Found a hazy altar of Hepliaklqana.
  1670 | D:2      | Reached XP level 4. HP: 25/29 MP: 6/6
  2120 | D:2      | Reached skill level 1 in Shields
  2120 | D:2      | Reached skill level 1 in Charms
  2592 | D:3      | Reached XP level 5. HP: 29/35 MP: 8/8
  2607 | D:3      | Learned a level 3 spell: Gell's Gravitas
  2837 | D:3      | Found an iron altar of Okawaru.
  2870 | D:3      | Became a worshipper of Warmaster Okawaru
  2917 | D:3      | Noticed Sigmund
  2964 | D:3      | Killed Sigmund
  2964 | D:3      | Reached skill level 4 in Translocations
  2964 | D:3      | Reached XP level 6. HP: 20/41 MP: 7/9
  2992 | D:3      | Hit by a boomerang thrown by an orc

Illustrated notes

Levels and vault maps discovered:
D:1:      minmay_arrival_jagged, layout_loops_ring
D:2:      layout_rooms, old_standard_altar, minmay_strange_pillars
D:3:      layout_basic, old_standard_altar, uniq_sigmund

Skill      XL: |  1  2  3  4  5 |
---------------+----------------+-----
Fighting       | 2 |  2.8
Armour         | 2 |  2.8
Shields        | 1 2 |  2.0
Spellcasting   | 2 |  2.3
Charms         | 1 2 |  2.1
Dodging        | 3 |  3.3
Translocations | 4 |  4.1
Short Blades   | |  2.4
Throwing       | |  1.0

Action                   |  1- 3 |  4- 6 || total
-------------------------+-------+-------++-------
Melee: Short sword       |    96 |    81 ||   177
Throw: Boomerang         |     1 |       ||     1
       Stone             |    39 |    42 ||    81
 Cast: Shroud of Golubri |       |     1 ||     1
       Blink             |       |     1 ||     1
  Use: Scroll            |     3 |     6 ||     9
       Potion            |       |     1 ||     1
  Eat: Ration            |     1 |     1 ||     2
Armor: Leather armour    |    19 |     7 ||    26
Dodge: Dodged            |    50 |    51 ||   101
Block: Buckler           |     2 |       ||     2
